 Dungeon Crawl Stone Soup version 0.31-a0-750-gfe7b580527 (webtiles) character file.

Game seed: 5985433358506158226

9388 cforsyth the Fighter (level 11, -8/81 HPs)
             Began as a Djinni Delver on Sept 14, 2023.
             Was a High Priest of Hepliaklqana.
             Mangled by a freezing wraith (9 damage)
             ... on level 10 of the Dungeon.
             The game lasted 00:14:40 (9166 turns).

cforsyth the Fighter (Djinni Delver)                Turns: 9166, Time: 00:14:40

Health: -8/81      AC:  8    Str: 11    XL:     11   Next: 73%
Gold:   2705       EV: 12    Int: 17    God:    Hepliaklqana [*****.] SH:  0 Dex: 22

rFire   + . .        i - +11 glaive "Hemis" {speed, Dex+5}
rCold   . . .        (shield currently unavailable)
rNeg    . . .        b - +0 leather armour
rPois   ∞            t - +2 helmet
rElec   +            F - +1 cloak
rCorr   +            (no gloves)
SInv    +            (boots unavailable)
Will    +....        C - amulet of regeneration
Stlth   +++          d - ring of Niheac {Ice rElec rCorr Dex+3}
HPRegen 1.13/turn    I - ring of see invisible
MPRegen 0.00/turn

%: infuse magic (-9 HP)
@: flying, slowed, very slow
A: reduced essence, sickness immunity, fire resistance 2, cold vulnerability 1,
float, innate caster, HP casting, extra vitality 1
a: Renounce Religion, Recall Ancestor, Ancestor Identity, Transference, Idealise


You were on level 10 of the Dungeon.
You worshipped Hepliaklqana.
Hepliaklqana was extremely pleased with you.
You visited 2 branches of the dungeon, and saw 11 of its levels.

You collected 2705 gold pieces.

Inventory:

Hand Weapons
 a - a +0 falchion
 i - the +11 glaive "Hemis" (weapon) {speed, Dex+5}
   (You found it on level 5 of the Dungeon)

   Dex+5:     It affects your dexterity (+5).
Armour
 b - a +0 leather armour (worn)
 t - a +2 helmet (worn)
 F - a +1 cloak (worn)
Jewellery
 d - the ring of Niheac (left hand) {Ice rElec rCorr Dex+3}
   (You acquired it on level 10 of the Dungeon)

   [ring of ice]

   Ice:       It enhances your ice magic.
   Dex+3:     It affects your dexterity (+3).
   rF-:       It makes you vulnerable to fire.
   rC+:       It protects you from cold.
   rElec:     It insulates you from electricity.
   rCorr:     It protects you from acid and corrosion.
 x - a ring of protection from fire
 C - an amulet of regeneration (around neck)
 G - a ring of fire
 I - a ring of see invisible (right hand)
Wands
 g - a wand of digging (3)
 p - a wand of iceblast (10)
 y - a wand of flame (73)
 J - a wand of mindburst (6)
Scrolls
 c - 2 scrolls of fog
 e - a scroll of enchant weapon {unknown}
 j - 2 scrolls of immolation
 k - a scroll of noise
 s - 6 scrolls of identify
 u - a scroll of vulnerability {unknown}
 v - a scroll of blinking {unknown}
 z - a scroll of enchant armour
 A - a scroll of teleportation {unknown}
 D - a scroll of amnesia {unknown}
 E - 2 scrolls of torment
 L - a scroll of poison {unknown}
 M - a scroll of acquirement
Potions
 f - a potion of haste
 h - a potion of lignification {unknown}
 l - 2 potions of curing
 m - 2 potions of berserk rage {unknown}
 n - a potion of heal wounds
 o - 2 potions of attraction {unknown}
 q - a potion of resistance {unknown}
 r - 2 potions of ambrosia {unknown}
 w - a potion of mutation {unknown}
 B - a potion of degeneration {unknown}
 H - a potion of enlightenment {unknown}
 K - a potion of might {unknown}


   Skills:
 + Level 12.8 Fighting
 - Level 1.7 Long Blades
 - Level 2.1 Dodging
 - Level 4.1 Stealth
 + Level 9.3 Spellcasting
 + Level 9.3 Conjurations
 + Level 9.3 Hexes
 + Level 9.3 Summonings
 + Level 9.3 Necromancy
 + Level 9.3 Translocations
 + Level 9.3 Transmutations
 + Level 9.3 Fire Magic
 + Level 9.3 Ice Magic
 + Level 9.3 Air Magic
 + Level 9.3 Earth Magic
 + Level 9.3 Poison Magic


You knew the following spells:

 Your Spells              Type           Power      Damage    Failure   Level
a - Freeze                Ice            100%       1d10      1%          1
b - Blink                 Tloc           78%        N/A       1%          2
c - Mephitic Cloud        Conj/Pois/Air  39%        N/A       1%          3
d - Animate Armour        Summ/Erth      78%        N/A       2%          4
e - Fulminant Prism       Conj/Hex       19%        3d10      2%          4
Your spell library was empty.

Dungeon Overview and Level Annotations

Branches:
Dungeon (10/15)            Temple (1/1) D:5            Lair (0/5) D:8
    Orc: D:9-12

Altars:
Ashenzari
Cheibriados
Dithmenos
Elyvilon
Fedhas
Gozag
Hepliaklqana
Makhleb
Nemelex Xobeh
Okawaru
Qazlal
Ru
Trog
Uskayaw
Wu Jian
Xom
Yredelemnul
Zin
The Shining One

Shops:
D:4 =

Portals:
Bailey: D:10


Innate Abilities, Weirdness & Mutations

Your life essence is reduced to manifest your ancestor. (-10% HP)
You are immune to sickness and miasma.
You are immune to poison.
Your flesh is very heat resistant. (rF++)
You are vulnerable to cold. (rC-)
You float through the air rather than walking.
You learn spells naturally, not from books.
Your magical power is your life essence.
You have superior vitality. (+4 MHP)


Message History

* * * LOW HITPOINT WARNING * * *
The freezing wraith hits you.
* * * LOW HITPOINT WARNING * * *
The freezing wraith drains your vigour!
You feel yourself slow down.
You swap places.
The freezing wraith hits your animated leather armour but does no damage.
The freezing wraith hits your animated leather armour!
Your animated leather armour hits the freezing wraith but does no damage.
Your animated leather armour closely misses the freezing wraith.
The freezing wraith hits your animated leather armour!
The freezing wraith freezes your animated leather armour!
The freezing wraith hits your animated leather armour!
The freezing wraith drains your animated leather armour's vigour!
Your animated leather armour seems to slow down.
Your animated leather armour hits the freezing wraith but does no damage. x2
Something hits your animated leather armour.
Your animated leather armour is destroyed!
Your animated leather armour disappears in a puff of smoke!
Okay, then.
Okay, then.
You hear the roar of battle.
There is an entrance to a bailey on this level.
Hurry and find it before the portal closes forever!
Welcome back, cforsyth the Djinni Delver.
Hepliaklqana says: Your past becomes your present!
Press ? for a list of commands and other information.
Unknown command.
Unknown command.
Okay, then.
Okay, then.
You feel much better.
Cast which spell? (? or * to list)
The freezing wraith barely misses you. The freezing wraith hits you!
The freezing wraith drains your vigour!
You feel as though you will be slow longer.
The freezing wraith hits you.
* * * LOW HITPOINT WARNING * * *
The freezing wraith freezes you!!
* * * LOW HITPOINT WARNING * * *
The freezing wraith hits you!
You die...

,* *#.........#.#....,,*
,* **..#.....#........,,*
,***,.,##...##...###+#***
,,,,,,,*##.###([.....#
*,,,***,*#.##.###...##
*,,,,***,#.#.###...##
*,**,,***#.####....#
*,***,,,,.8....[#.##
*,,,,,****.####.@.#
*,*,,***,*,#.###W.#
*,,,***,**,*#.###.#
***,,,,***,**#....#
**,,,**,,,*#...##
**,,*,,*,,#..##
**,,,***...## ***** ####*


You could see a freezing wraith (ally target) and a friendly animated leather
armour (summoned).

Vanquished Creatures
  A two-headed ogre (D:10)
  Pikel (D:6)
  A cyclops (D:10)
  An orange demon (D:9)
  Psyche (D:9)
  2 wraiths (D:9)
  Eustachio (D:4)
  11 yaks
  A wyvern (D:8)
  A steam dragon (D:8)
  2 acid dragons
  An ice beast (D:5)
  3 orc warriors (D:9)
  A black bear (D:7)
  2 ogres
  2 centaurs (D:6)
  A phantom (D:4)
  A kobold brigand (D:8)
  Blork the orc (D:4)
  3 scorpions
  A wight (D:8)
  6 killer bees (D:10)
  3 hounds
  3 jellies
  5 orc priests
  Crazy Yiuf (D:4)
  Jessica (D:2)
  Ijyb (D:3)
  2 iguanas
  Robin (D:4)
  4 gnolls
  9 adders
  2 ufetubi
  A worm (D:2)
  4 dart slugs
  25 orcs
  3 bats
  7 endoplasms
  5 giant cockroaches
  7 hobgoblins
  7 jackals
  8 kobolds
  A quokka (D:3)
  9 ball pythons
  A frilled lizard (D:3)
  8 goblins
  9 rats
172 creatures vanquished.

Vanquished Creatures (collateral kills)
  Amaemon (D:9)
  A troll (D:9)
  A hornet (D:10)
  2 basilisks (D:8)
  A wyvern (D:8)
  5 yaks
  2 steam dragons
  An orc warrior (D:9)
  An ogre (D:4)
  A bullfrog (D:7)
  A gnoll sergeant (D:9)
  2 orc wizards
  2 gnolls
  A white imp (D:7)
  5 orcs
  2 giant cockroaches
  3 goblins (D:4)
  A jackal (D:4)
  2 kobolds
  A ball python (D:1)
36 creatures vanquished.

Vanquished Creatures (others)
  2 wights (D:8)
  5 knights
  7 fulminant prisms
14 creatures vanquished.

Grand Total: 222 creatures vanquished

Notes
Turn   | Place    | Note
-------+----------+-------------------------------------------
     0 | D:5      | cforsyth the Djinni Delver began the quest for the Orb.
     0 | D:5      | Reached XP level 1. HP: 20/20 MP: 0/0
    17 | D:5      | Identified the +11 glaive "Hemis" {speed, Dex+5}
    23 | D:5      | Found a staircase to the Ecumenical Temple.
    33 | Temple   | Entered the Ecumenical Temple
    39 | Temple   | Reached XP level 2. HP: 24/25 MP: 0/0
    77 | Temple   | Became a worshipper of Hepliaklqana the Forgotten
   141 | D:5      | Reached skill level 1 in Spellcasting
   141 | D:5      | Reached skill level 1 in Conjurations
   141 | D:5      | Reached skill level 1 in Hexes
   141 | D:5      | Reached skill level 1 in Summonings
   141 | D:5      | Reached skill level 1 in Necromancy
   141 | D:5      | Reached skill level 1 in Translocations
   141 | D:5      | Reached skill level 1 in Transmutations
   141 | D:5      | Reached skill level 1 in Fire Magic
   141 | D:5      | Reached skill level 1 in Ice Magic
   141 | D:5      | Reached skill level 1 in Air Magic
   141 | D:5      | Reached skill level 1 in Earth Magic
   141 | D:5      | Reached skill level 1 in Poison Magic
   141 | D:5      | Reached XP level 3. HP: 30/30 MP: 0/0
   141 | D:5      | Learned a level 1 spell: Freeze
   171 | D:5      | Reached skill level 4 in Fighting
   171 | D:5      | Reached XP level 4. HP: 13/37 MP: 0/0
   311 | D:4      | Reached XP level 5. HP: 28/42 MP: 0/0
   311 | D:4      | Learned a level 2 spell: Blink
   385 | D:4      | Noticed Blork the orc
   773 | D:3      | Noticed Ijyb
   779 | D:3      | Killed Ijyb
   982 | D:3      | Reached * piety under Hepliaklqana
  1538 | D:2      | Reached XP level 6. HP: 44/44 MP: 0/0
  1683 | D:2      | Reached skill level 5 in Fighting
  1811 | D:2      | Noticed Jessica
  1816 | D:2      | Killed Jessica
  2279 | D:1      | Reached ** piety under Hepliaklqana
  2280 | D:1      | Remembered your ancestor Ingwe as a knight
  2688 | D:4      | Noticed Robin
  2697 | D:4      | Killed Robin
  2730 | D:4      | Found Guxoim's Jewellery Shop.
  2808 | D:4      | Reached XP level 7. HP: 48/48 MP: 0/0
  2808 | D:4      | Learned a level 3 spell: Mephitic Cloud
  3216 | D:4      | Found a runed translucent door.
  3217 | D:4      | Noticed Crazy Yiuf
  3275 | D:4      | Found a burning altar of Makhleb.
  3281 | D:4      | Noticed Eustachio
  3292 | D:4      | Killed Eustachio
  3293 | D:4      | Reached skill level 6 in Fighting
  3418 | D:4      | Killed Blork the orc
  3450 | D:4      | Reached XP level 8. HP: 50/55 MP: 0/0
  3837 | D:4      | Killed Crazy Yiuf
  4114 | D:5      | Reached *** piety under Hepliaklqana
  4130 | D:5      | Reached skill level 7 in Fighting
  4539 | D:6      | Noticed Pikel
  4549 | D:6      | Killed Pikel
  4550 | D:6      | Reached skill level 8 in Fighting
  4550 | D:6      | Reached skill level 5 in Spellcasting
  4550 | D:6      | Reached skill level 5 in Conjurations
  4550 | D:6      | Reached skill level 5 in Hexes
  4550 | D:6      | Reached skill level 5 in Summonings
  4550 | D:6      | Reached skill level 5 in Necromancy
  4550 | D:6      | Reached skill level 5 in Translocations
  4550 | D:6      | Reached skill level 5 in Transmutations
  4550 | D:6      | Reached skill level 5 in Fire Magic
  4550 | D:6      | Reached skill level 5 in Ice Magic
  4550 | D:6      | Reached skill level 5 in Air Magic
  4550 | D:6      | Reached skill level 5 in Earth Magic
  4550 | D:6      | Reached skill level 5 in Poison Magic
  4550 | D:6      | Reached XP level 9. HP: 54/63 MP: 0/0
  4550 | D:6      | Learned a level 4 spell: Animate Armour
  5005 | D:7      | Reached skill level 9 in Fighting
  5192 | D:7      | Reached **** piety under Hepliaklqana
  5825 | D:8      | Reached XP level 10. HP: 9/72 MP: 0/0
  6035 | D:8      | Reached skill level 10 in Fighting
  6275 | D:8      | Identified 3 scrolls of acquirement
  6275 | D:8      | Acquired 643 gold pieces
  6864 | D:8      | Found a staircase to the Lair.
  7214 | D:9      | Noticed an orange demon
  7219 | D:9      | Noticed Amaemon
  7566 | D:9      | Killed an orange demon
  7567 | D:9      | Reached skill level 11 in Fighting
  7577 | D:9      | Killed Amaemon
  7699 | D:9      | Reached XP level 11. HP: 70/78 MP: 0/0
  7699 | D:9      | Learned a level 4 spell: Fulminant Prism
  7748 | D:9      | Found a white marble altar of Elyvilon.
  7748 | D:9      | Noticed Psyche
  7757 | D:9      | Killed Psyche
  8111 | D:9      | Reached skill level 12 in Fighting
  8290 | D:9      | Reached ***** piety under Hepliaklqana
  8849 | D:10     | Entered Level 10 of the Dungeon
  8853 | D:10     | Acquired 486 gold pieces
  8855 | D:10     | Acquired the ring of Niheac {Ice rElec rCorr Dex+3}
  8882 | D:10     | Acquired 963 gold pieces
  8922 | D:10     | Noticed a two-headed ogre
  8929 | D:10     | Killed a two-headed ogre
  9001 | D:10     | Found a flagged portal.
  9128 | D:10     | Noticed a cyclops
  9137 | D:10     | Killed a cyclops
  9166 | D:10     | HP: 1/81 [freezing wraith (23)]
  9166 | D:10     | Mangled by a freezing wraith

Illustrated notes

Levels and vault maps discovered:
D:1:      heliophobic_arrival_enchanted_forest, layout_rooms,
          minmay_indecisive_spiral
D:2:      minmay_angry_zag, layout_basic, uniq_jessica
D:3:      layout_basic, uniq_ijyb
D:4:      layout_loops_corners, mainiacjoe_overflow_tiny_flanked, serial_shops,
          nicolae_shop_real_fake_doors, hangedman_decor_points,
          uniq_blork_the_orc, uniq_crazy_yiuf_cottage, uniq_robin,
          uniq_eustachio
D:5:      layout_cave_pools, minmay_temple_entry_stoned_glass,
          minmay_misc_feat_hallway
D:6:      layout_basic, grunt_decor_mini_mirrors, uniq_pikel
D:7:      layout_cave_pods
D:8:      layout_loops_ring, erik_lair_dragon
D:9:      layout_roguey, lemuel_tele_altar, special_room [special_room_orc],
          uniq_amaemon, uniq_psyche
D:10:     layout_basic, enter_bailey_8, kb_rosetta
Temple:   mainiacjoe_temple_big_plus

Skill      XL: |  1  2  3  4  5  6  7  8  9 10 11 |
---------------+----------------------------------+-----
Spellcasting   | 1 2 3 4 5 6 8 9 |  9.3
Conjurations   | 1 2 3 4 5 6 8 9 |  9.3
Hexes          | 1 2 3 4 5 6 8 9 |  9.3
Summonings     | 1 2 3 4 5 6 8 9 |  9.3
Necromancy     | 1 2 3 4 5 6 8 9 |  9.3
Translocations | 1 2 3 4 5 6 8 9 |  9.3
Transmutations | 1 2 3 4 5 6 8 9 |  9.3
Fire Magic     | 1 2 3 4 5 6 8 9 |  9.3
Ice Magic      | 1 2 3 4 5 6 8 9 |  9.3
Air Magic      | 1 2 3 4 5 6 8 9 |  9.3
Earth Magic    | 1 2 3 4 5 6 8 9 |  9.3
Poison Magic   | 1 2 3 4 5 6 8 9 |  9.3
Fighting       | 4 5 6 8 9 11 12 | 12.8
Long Blades    | |  1.7
Dodging        | |  2.1
Stealth        | |  4.1

Action                     |  1- 3 |  4- 6 |  7- 9 | 10-12 || total
---------------------------+-------+-------+-------+-------++-------
  Melee: Glaive            |    14 |   118 |   117 |   171 ||   420
   Cast: Animate Armour    |       |       |     1 |    13 ||    14
         Blink             |       |       |       |     1 ||     1
         Fulminant Prism   |       |       |       |     7 ||     7
 Invoke: Ancestor Life: Kn |       |     1 |       |       ||     1
    Use: Scroll            |       |       |     1 |    10 ||    11
         Potion            |       |       |       |     4 ||     4
   Stab: Sleeping          |       |    21 |     9 |     2 ||    32
         Distracted        |       |       |       |     4 ||     4
 Armour: Leather armour    |     6 |    34 |    62 |   157 ||   259
  Dodge: Dodged            |    10 |    32 |    49 |   105 ||   196

Table legend: (Time is in decaauts)
 A = Elapsed time spent in this place.
 B = Non-inter-level travel time spent in this place.
 C = Inter-level travel time spent in this place.
 D = Time resting spent in this place.
 E = Time spent auto-exploring this place.
 F = Levels seen in this place.
 G = Mean time per level.
                   A        B        C        D        E       F      G
               +--------+--------+--------+--------+--------+-----+--------+
         Total |   9222 |   8819 |    403 |    404 |   6881 |  11 |  838.4 |
       Dungeon |   9138 |   8811 |    327 |    404 |   6881 |  10 |  913.8 |
        Temple |     83 |      7 |     76 |      0 |      0 |   1 |   83.0 |
               +--------+--------+--------+--------+--------+-----+--------+

Top non-repeatable levels by time:
     D:8: 1837 daAuts
     D:9: 1377 daAuts
     D:4: 1370 daAuts
     D:3: 1053 daAuts
     D:2: 825 daAuts
     D:7: 770 daAuts
     D:5: 691 daAuts
     D:6: 505 daAuts
     D:1: 384 daAuts
    D:10: 323 daAuts
  Temple: 83 daAuts
